 Dungeon Crawl Stone Soup version 0.29.1-12-g30fa7ad0bf (webtiles) character file.

Game seed: 406674371789662625

2244 GeoRichter the Magician (level 9, -14/88 HPs)
             Began as a Demonspawn Artificer on Dec 19, 2022.
             Was a Believer of Sif Muna.
             Demolished by a skeletal warrior
             ... wielding a +0 hand axe
              (23 damage)
             ... on level 7 of the Dungeon.
             The game lasted 00:18:49 (9335 turns).

GeoRichter the Magician (Demonspawn Artificer)      Turns: 9335, Time: 00:18:49

Health: -14/88     AC:  5    Str: 12    XL:     9   Next: 14%
Magic:  18/28      EV: 11    Int: 20    God:    Sif Muna [**....]
Gold:   497        SH:  0    Dex: 14    Spells: 19/22 levels left

rFire   . . .      SeeInvis +   q - +2 rapier
rCold   + . .      Faith    +   (no shield)
rNeg    . . .      Spirit   .   b - +0 leather armour
rPois   .          Reflect  .   v - +1 helmet of the Lusting Gods {rC+ Regen+ Stlth-}
rElec   .          Harm     .   (no cloak)
rCorr   .          Rampage  .   (no gloves)
Will    .....                   (no boots)
Stlth   ..........              f - amulet of faith {!P}
HPRegen 1.04/turn               u - ring of Circularity {MP+9 Int+3 SInv}
MPRegen 0.21/turn               d - ring of wizardry

@: berserking, very quick
A: powered by death 1, spiny 1
a: Renounce Religion, Channel Magic


You were on level 7 of the Dungeon.
You worshipped Sif Muna.
Sif Muna was pleased with you.
You visited 2 branches of the dungeon, and saw 9 of its levels.

You collected 497 gold pieces.

Inventory:

Hand Weapons
 q - a +2 rapier (weapon)
   (You found it on level 2 of the Dungeon)
Missiles
 r - 4 poisoned darts
Armour
 b - a +0 leather armour (worn)
 s - a +2 chain mail of willpower
   (You found it on level 3 of the Dungeon)
 v - the +1 helmet of the Lusting Gods (worn) {rC+ Regen+ Stlth-}
   (You found it on level 6 of the Dungeon)

   rC:        It protects you from cold.
   Regen:     It increases your rate of health regeneration.
   Stlth:     It makes you less stealthy.
Jewellery
 d - a ring of wizardry (right hand)
   (You found it on level 6 of the Dungeon)
 f - an amulet of faith (around neck) {!P}
   (You found it on level 4 of the Dungeon)
 g - an amulet of reflection
   (You took it off an orc wizard on level 6 of the Dungeon)
 u - the ring of Circularity (left hand) {MP+9 Int+3 SInv}
   (You took it off a kobold on level 3 of the Dungeon)

   [ring of magical power]

   Int:       It affects your intelligence (+3).
   MP:        It affects your magic capacity (+9).
   SInv:      It lets you see invisible.
Wands
 B - a wand of light (5)
   (You found it on level 7 of the Dungeon)
Scrolls
 c - a scroll of torment {unknown}
 e - 2 scrolls of enchant armour
 k - a scroll of vulnerability {unknown}
 m - a scroll of silence {unknown}
 p - 2 scrolls of noise {!r}
 w - a scroll of brand weapon {unknown}
 x - a scroll of poison {unknown}
 y - 5 scrolls of identify {@r1}
 A - a scroll of fog {unknown}
 C - a scroll of teleportation {@r4}
Potions
 a - a potion of cancellation {unknown}
 h - a potion of haste {@q3}
 j - 2 potions of brilliance
 l - a potion of attraction {!q}
 n - a potion of degeneration {!q}
 o - 2 potions of magic
 t - a potion of ambrosia
 z - a potion of heal wounds {unknown}


   Skills:
 - Level 1.0 Fighting
 - Level 1.7 Armour
 - Level 0.8 Dodging
 - Level 0.8 Stealth
 - Level 7.0 Spellcasting
 + Level 4.5 Conjurations
 * Level 6.1 Earth Magic
 - Level 5.2 Evocations


You had 19 spell levels left.
You knew the following spells:

 Your Spells              Type           Power      Damage    Failure   Level
a - Stone Arrow           Conj/Erth      56%        3d10      1%          3

Your spell library contained the following spells:

 Spells                   Type           Power      Damage    Failure   Level
 Sandblast                Erth           62%        2d14      1%          1
 Passwall                 Tmut/Erth      15%        N/A       2%          2


Dungeon Overview and Level Annotations

Branches:
Dungeon (8/15) Zot: 26969  Temple (1/1) D:4 Zot: 5963
   Lair: D:8-11

Altars:
Cheibriados
Dithmenos
Fedhas
Kikubaaqudgha
Makhleb
Okawaru
Qazlal
Sif Muna
Trog
Vehumet
Wu Jian
Xom
Yredelemnul

Shops:
D:4 ?

Annotations:
Temple 4 transporters


Innate Abilities, Weirdness & Mutations

You regenerate a little health from kills.
You are partially covered in sharp spines.


Message History

There is a stone staircase leading down here.
You climb downwards.
You hear the hiss of flowing sand.
There is an entrance to an ossuary on this level.
Hurry and find it before the portal is buried!
The bullfrog croaks.
Found a scroll labelled VOUJAFEELL.
There is a stone staircase leading up here.
A bullfrog is nearby!
A bullfrog is nearby!
The stone arrow hits the bullfrog!
The stone arrow hits the bullfrog!
You kill the bullfrog!
Sif Muna accepts your kill.
A skeletal warrior comes into view. It is wielding a +0 hand axe.
A skeletal warrior is nearby!
Found a stone staircase leading up.
The stone arrow hits the skeletal warrior.
The stone arrow hits the skeletal warrior but does no damage.
The stone arrow misses the skeletal warrior.
Aim: a skeletal warrior, wielding a +0 hand axe and wearing a ring of fire (lightly damaged, 74% to hit)
The bolt of light hits the skeletal warrior but does no damage.
The skeletal warrior is blinded.
A skeletal warrior comes into view. It is wielding a +0 mace.
The skeletal warrior closely misses you.
There is a stone staircase leading up here.
The skeletal warrior hits you with a +0 hand axe!
You climb upwards.
There is a stone staircase leading down here.
You hit the skeletal warrior.
The skeletal warrior hits you with a +0 hand axe!
You catch the helpless skeletal warrior completely off-guard!
You hit the skeletal warrior but do no damage.
The skeletal warrior is no longer blind.
The skeletal warrior hits you with a +0 hand axe!
* * * LOW HITPOINT WARNING * * *
Okay, then.
Aim: a skeletal warrior, wielding a +0 hand axe and wearing a ring of fire (lightly damaged, 74% to hit)
The bolt of light hits the skeletal warrior!
The skeletal warrior is blinded.
The skeletal warrior is struck by your spines.
The skeletal warrior hits you with a +0 hand axe!!
* * * LOW HITPOINT WARNING * * *
A red film seems to cover your vision as you go berserk!
You feel yourself moving faster!
You feel mighty! The skeletal warrior barely misses you.
You catch the helpless skeletal warrior completely off-guard!
You hit the skeletal warrior.
The skeletal warrior is struck by your spines.
The skeletal warrior hits you with a +0 hand axe!!
You die...

##### ##########
#########...# #.........
#...........###
#>########
#.#####.......######.#
#.# ###...(.)[[....#.#
####
####.###.......@.####.#.#
#... #.........##..z.##
#.#.## #.##
#.#######.##....#
#.#♣.♣###.# #.# #.#####.#
#...♣P.§..# #.# #.#####.#
##P♣P§P♣P.## ##)#
#.......#### ♣.♣P.♣§§♣..
)..# #.#.##.....♣
♣♣.♣♣.♣.P♣# ##)#
#...(##.##♣♣ ♣♣.P♣♣♣♣♣#
#.#######.....#.#♣
♣.♣)..♣♣..


You could see a skeletal warrior (blind).

Vanquished Creatures
  Sigmund (D:4)
  Duvessa (D:4)
  A sky beast (D:7)
  An orc warrior (D:6)
  2 ogres
  A phantom (D:7)
  A bullfrog (D:8)
  A scorpion (D:6)
  2 howler monkeys
  5 jellies
  5 orc priests
  5 hounds
  Natasha (twice) (D:2)
  2 iguanas
  10 orc wizards
  4 gnolls
  4 river rats (D:7)
  5 adders
  2 worms
  2 dart slugs
  17 orcs
  6 bats
  8 endoplasms
  4 giant cockroaches (D:1)
  A goblin (D:1)
  4 hobgoblins
  7 jackals
  3 quokkas
  3 ball pythons
  2 frilled lizards
  3 kobolds
  4 rats
119 creatures vanquished.

Vanquished Creatures (collateral kills)
  Edmund (D:4)
  Dowan (D:4)
  An orc wizard (D:4)
  A gnoll (D:7)
  An adder (D:5)
  2 orcs (D:4)
  2 hobgoblins
  A rat (D:1)
10 creatures vanquished.

Vanquished Creatures (others)
  A wyvern (D:7)
  A sky beast (D:7)
  An iguana (D:5)
  An orc (D:4)
  An endoplasm (D:1)
  4 fungi (D:7)
  33 plants (D:7)
42 creatures vanquished.

Grand Total: 171 creatures vanquished

Notes
Turn   | Place    | Note
-------+----------+-------------------------------------------
     0 | D:1      | GeoRichter the Demonspawn Artificer began the quest for the
                  | Orb.
     0 | D:1      | Reached XP level 1. HP: 15/15 MP: 1/1
   279 | D:1      | Gained mutation: You regenerate a little health from kills.
                  | [demonic ancestry]
   279 | D:1      | Reached XP level 2. HP: 21/21 MP: 2/2
   460 | D:1      | Reached XP level 3. HP: 26/26 MP: 3/3
  1107 | D:2      | Found an ancient bone altar of Kikubaaqudgha.
  1193 | D:2      | Noticed Natasha
  1197 | D:2      | Killed Natasha
  2082 | D:2      | Reached XP level 4. HP: 32/32 MP: 4/4
  2258 | D:2      | Noticed Natasha
  2267 | D:2      | Killed Natasha
  2268 | D:2      | Reached skill level 5 in Evocations
  2876 | D:3      | Reached skill level 1 in Spellcasting
  2941 | D:3      | Identified the ring of Circularity {MP+9 Int+3 SInv}
  3290 | D:3      | Found a blossoming altar of Fedhas.
  3391 | D:4      | Noticed Sigmund
  3478 | D:4      | Killed Sigmund
  3479 | D:4      | Reached skill level 3 in Spellcasting
  3479 | D:4      | Reached XP level 5. HP: 33/37 MP: 6/10
  3479 | D:4      | Gained mutation: You are partially covered in sharp spines.
                  | [demonic ancestry]
  3479 | D:4      | Reached XP level 6. HP: 38/43 MP: 6/11
  3568 | D:4      | Reached skill level 4 in Spellcasting
  3617 | D:4      | Noticed Edmund
  3623 | D:4      | Noticed Dowan
  3623 | D:4      | Noticed Duvessa
  3642 | D:4      | Killed Dowan
  3650 | D:4      | Killed Edmund
  3651 | D:4      | Reached skill level 5 in Spellcasting
  3657 | D:4      | Reached XP level 7. HP: 28/48 MP: 12/15
  3692 | D:4      | Killed Duvessa
  3936 | D:4      | Found a staircase to the Ecumenical Temple.
  3994 | D:4      | Found Atheadu's Magic Scroll Shoppe.
  4046 | Temple   | Entered the Ecumenical Temple
  4046 | Temple   | Found a transporter.
  4046 | Temple   | Found a transporter.
  4048 | Temple   | Found a transporter.
  4048 | Temple   | Found a transporter.
  4064 | Temple   | Became a worshipper of Sif Muna the Loreminder
  4254 | D:4      | Reached skill level 6 in Spellcasting
  4657 | D:5      | Entered Level 5 of the Dungeon
  5074 | D:5      | Learned a level 3 spell: Stone Arrow
  5194 | D:5      | Reached skill level 1 in Earth Magic
  5375 | D:5      | Reached skill level 1 in Conjurations
  5944 | D:5      | Reached XP level 8. HP: 54/54 MP: 18/18
  6607 | D:6      | Reached * piety under Sif Muna
  7217 | D:6      | Identified the +1 helmet of the Lusting Gods {rC+ Regen+
                  | Stlth-}
  7378 | D:6      | Reached skill level 7 in Spellcasting
  8144 | D:7      | Reached skill level 5 in Earth Magic
  8592 | D:7      | Reached ** piety under Sif Muna
  8732 | D:7      | Found a shadowy altar of Dithmenos.
  8747 | D:7      | Reached XP level 9. HP: 44/59 MP: 19/19
  9319 | D:8      | Noticed a skeletal warrior
  9325 | D:8      | Noticed a skeletal warrior
  9335 | D:7      | Demolished by a skeletal warrior

Illustrated notes

Levels and vault maps discovered:
D:1:      matt_arrival_grand_opening, layout_basic
D:2:      layout_rooms, basic_altar, minmay_hedge_maze, uniq_natasha
D:3:      layout_rooms, fedhas_altar_fruit_tree
D:4:      layout_basic, minmay_temple_entry_nine_rooms, serial_shops,
          shop_fountains, uniq_sigmund, uniq_edmund, uniq_duvessa
D:5:      layout_cave_pods
D:6:      layout_loops_corners
D:7:      wad_woods_stonehenge, layout_loops_ring,
          nicolae_dithmenos_the_darkroom, dreamdust_mushroom_princess
D:8:      layout_rooms, minmay_overflow_temple_star_quad, amcnicky_altar_gilded,
          nicolae_ossuary_entry_giza, st_stairs_9, uniq_psyche
Temple:   hellmonk_temple_divided_pantheon

Skill      XL: |  1  2  3  4  5  6  7  8  9 |
---------------+----------------------------+-----
Evocations     | 4 5 |  5.2
Spellcasting   | 3 5 6 7 |  7.0
Earth Magic    | 2 5 6 |  6.1
Conjurations   | 1 4 |  4.5
Fighting       | |  1.0
Armour         | |  1.7
Dodging        | |  0.8
Stealth        | |  0.8

Action                   |  1- 3 |  4- 6 |  7- 9 || total
-------------------------+-------+-------+-------++-------
Melee: Club              |    32 |       |       ||    32
       Dagger            |   114 |    12 |       ||   126
       Punch             |     1 |       |     1 ||     2
       Rapier            |       |    70 |   112 ||   182
Throw: Dart              |       |       |     9 ||     9
 Cast: Stone Arrow       |       |       |    94 ||    94
Evoke: Wand              |    17 |    24 |    13 ||    54
  Use: Scroll            |       |     6 |     8 ||    14
       Potion            |       |     1 |     8 ||     9
 Stab: Sleeping          |     1 |       |       ||     1
       Invisible         |       |       |     2 ||     2
Armor: Leather armour    |    35 |     4 |     9 ||    48
       Chain mail        |       |    66 |    52 ||   118
Dodge: Dodged            |    88 |    49 |    43 ||   180
